General information
- name: BNet
- type: Ladder team game (AT/RT)
- host: Battle.net
- saver: UGH.2ez
map: Goldshire
- players: 4
- length: 74:38
- speed: Fast
- version: 1.23 W3XP
- replay type: Public
» download(482 KB)
Players
team 1 (winner)
kunt.roII (
yellow | 133 APM | 9892 actions | 74:37)
6 Blademaster
3 Wind Walk
2 Critical Strike
1 Bladestorm
4 Tauren Chieftain
2 War Stomp
2 Endurance Aura
3 Dark Ranger
2 Silence
1 Life Drain
» actions
| Assign group hotkey | 98 | |
| Basic commands | 90 | |
| Build / train | 93 | |
| ESC pressed | 4 | |
| Enter build submenu | 44 | |
| Enter hero's abilities submenu | 14 | |
| Give item / drop item | 28 | |
| Right click | 5306 | |
| Select / deselect | 356 | |
| Select group hotkey | 3353 | |
| Use ability | 504 | |
9892 total
» units
| Peon | 15 | |
| Goblin Shredder | 2 | |
| Troll Batrider | 6 | |
| Troll Witch Doctor | 3 | |
| Spirit Walker | 2 | |
| Shaman | 2 | |
30 total
» upgrades
| Liquid Fire | 1 | |
| Spirit Walker Training | 2 | |
| Witch Doctor Training | 2 | |
| Shaman Training | 2 | |
7 total
» buildings
| Altar of Storms | 2 | |
| Orc Burrow | 10 | |
| Voodoo Lounge | 2 | |
| War Mill | 1 | |
| Watch Tower | 21 | |
| Stronghold | 3 | |
| Fortress | 2 | |
| Beastiary | 2 | |
| Spirit Lodge | 1 | |
44 total
» build order
00:10 Altar of Storms
00:20 Orc Burrow
00:56 Voodoo Lounge
01:18 War Mill
01:40 Orc Burrow
02:44 Watch Tower
03:53 Watch Tower
03:53 Watch Tower
05:10 Stronghold
05:10 Stronghold
05:15 Watch Tower
05:16 Watch Tower
06:26 Watch Tower
06:27 Watch Tower
06:31 Orc Burrow
07:47 Watch Tower
08:47 Fortress
08:48 Fortress
08:49 Beastiary
08:50 Beastiary
09:02 Watch Tower
09:53 Orc Burrow
09:56 Watch Tower
09:57 Watch Tower
11:51 Watch Tower
11:59 Watch Tower
12:13 Voodoo Lounge
14:12 Watch Tower
16:57 Watch Tower
17:23 Watch Tower
19:58 Watch Tower
20:14 Spirit Lodge
21:48 Watch Tower
24:09 Watch Tower
32:13 Watch Tower
32:16 Watch Tower
56:36 Altar of Storms
62:25 Orc Burrow
62:28 Orc Burrow
62:30 Orc Burrow
62:34 Orc Burrow
62:39 Orc Burrow
63:59 Orc Burrow
» items
| Healing Salve | 4 | |
| Lesser Clarity Potion | 3 | |
| Scroll of Speed | 1 | |
| Staff of Teleportation | 4 | |
| Boots of Speed | 3 | |
| Circlet of Nobility | 6 | |
| Potion of Healing | 1 | |
| Potion of Lesser Invulnerability | 3 | |
| Orb of Lightning | 4 | |
| Staff of Sanctuary | 3 | |
32 total
UGH.2ez (
purple | 106 APM | 7881 actions | 74:38)
5 Archmage
3 Blizzard
2 Brilliance Aura
5 Blood Mage
3 Flame Strike
1 Banish
1 Siphon Mana
4 Paladin
2 Holy Light
2 Divine Shield
» actions
| Assign group hotkey | 35 | |
| Basic commands | 66 | |
| Build / train | 117 | |
| Enter build submenu | 58 | |
| Enter hero's abilities submenu | 14 | |
| Give item / drop item | 10 | |
| Remove unit from queue | 1 | |
| Right click | 4636 | |
| Select / deselect | 1347 | |
| Select group hotkey | 1010 | |
| Use ability | 586 | |
7881 total
» units
| Peasant | 15 | |
| Sorceress | 6 | |
| Priest | 4 | |
| Dragonhawk Rider | 4 | |
29 total
» upgrades
| Masonry | 3 | |
| Magic Sentry | 1 | |
| Lumber Harvesting | 2 | |
| Sorceress Training | 2 | |
| Priest Training | 2 | |
| Animal War Training | 1 | |
| Armor | 3 | |
| Cloud | 1 | |
15 total
» buildings
| Altar of Kings | 2 | |
| Farm | 14 | |
| Scout Tower | 51 | |
| Lumber Mill | 2 | |
| Arcane Tower | 10 | |
| Guard Tower | 22 | |
| Keep | 1 | |
| Arcane Vault | 2 | |
| Arcane Sanctum | 2 | |
| Castle | 1 | |
| Town Hall | 1 | |
| Gryphon Aviary | 3 | |
| Blacksmith | 1 | |
| Barracks | 1 | |
113 total
» build order
00:05 Altar of Kings
00:20 Farm
00:43 Scout Tower
00:58 Lumber Mill
01:12 Arcane Tower
01:21 Farm
01:34 Scout Tower
02:04 Arcane Tower
02:06 Scout Tower
02:44 Guard Tower
02:45 Scout Tower
02:50 Scout Tower
02:54 Farm
03:53 Arcane Tower
03:57 Keep
03:58 Guard Tower
04:00 Scout Tower
04:19 Farm
05:00 Guard Tower
05:02 Scout Tower
05:03 Scout Tower
05:07 Arcane Vault
05:13 Farm
05:50 Guard Tower
06:00 Guard Tower
06:06 Scout Tower
06:07 Scout Tower
06:11 Scout Tower
06:12 Scout Tower
06:24 Arcane Sanctum
06:42 Guard Tower
07:26 Arcane Tower
07:28 Guard Tower
11:54 Scout Tower
11:57 Castle
12:39 Guard Tower
13:33 Town Hall
13:43 Scout Tower
13:45 Scout Tower
13:48 Scout Tower
13:51 Scout Tower
13:51 Scout Tower
13:52 Scout Tower
13:54 Scout Tower
13:54 Scout Tower
13:55 Scout Tower
14:20 Arcane Tower
14:21 Guard Tower
15:03 Guard Tower
15:07 Arcane Vault
15:20 Arcane Tower
15:21 Guard Tower
15:32 Scout Tower
15:33 Scout Tower
15:40 Scout Tower
15:43 Scout Tower
15:44 Scout Tower
15:48 Scout Tower
16:06 Arcane Tower
16:08 Guard Tower
17:23 Guard Tower
20:12 Arcane Tower
21:57 Guard Tower
22:07 Gryphon Aviary
22:08 Gryphon Aviary
22:10 Blacksmith
22:12 Barracks
25:36 Farm
26:07 Scout Tower
26:08 Scout Tower
26:18 Scout Tower
26:50 Scout Tower
26:51 Scout Tower
26:52 Scout Tower
27:38 Guard Tower
28:44 Guard Tower
29:39 Scout Tower
29:42 Scout Tower
31:46 Arcane Tower
31:54 Scout Tower
31:55 Scout Tower
31:56 Scout Tower
35:07 Guard Tower
52:17 Altar of Kings
52:24 Gryphon Aviary
52:25 Arcane Sanctum
53:06 Farm
53:07 Farm
53:18 Scout Tower
53:20 Lumber Mill
53:23 Scout Tower
53:26 Scout Tower
53:52 Farm
53:52 Farm
53:53 Farm
53:56 Arcane Tower
55:54 Guard Tower
57:48 Scout Tower
57:49 Scout Tower
57:50 Scout Tower
57:50 Scout Tower
57:51 Scout Tower
57:52 Scout Tower
57:53 Scout Tower
57:53 Scout Tower
57:56 Scout Tower
57:59 Farm
58:00 Farm
58:49 Guard Tower
59:16 Guard Tower
59:19 Farm
59:42 Guard Tower
60:10 Guard Tower
» items
| Lesser Clarity Potion | 1 | |
| Healing Salve | 2 | |
| Scroll of Speed | 1 | |
| Potion of Healing | 3 | |
| Boots of Speed | 3 | |
| Periapt of Vitality | 1 | |
| Staff of Teleportation | 3 | |
| Circlet of Nobility | 1 | |
| Staff of Sanctuary | 3 | |
| Orb of Lightning | 3 | |
21 total
team 2 (loser)

»
qva (
teal | 146 APM | 10854 actions | 74:29)
6 Archmage
2 Summon Water Elemental
3 Brilliance Aura
1 Blizzard
2 Blood Mage
1 Flame Strike
1 Siphon Mana
2 Paladin
1 Holy Light
1 Divine Shield
» actions
| Assign group hotkey | 133 | |
| Basic commands | 456 | |
| Build / train | 255 | |
| ESC pressed | 5 | |
| Enter build submenu | 63 | |
| Enter hero's abilities submenu | 9 | |
| Give item / drop item | 9 | |
| Right click | 3525 | |
| Select / deselect | 2566 | |
| Select group hotkey | 3433 | |
| Use ability | 400 | |
10854 total
» units
| Peasant | 17 | |
| Footman | 8 | |
| Goblin Shredder | 1 | |
| Priest | 4 | |
| Sorceress | 7 | |
| Spell Breaker | 7 | |
| Gryphon Rider | 3 | |
| Mortar Team | 15 | |
62 total
» upgrades
| Defend | 1 | |
| Masonry | 3 | |
| Lumber Harvesting | 2 | |
| Magic Sentry | 1 | |
| Priest Training | 2 | |
| Sorceress Training | 2 | |
| Control Magic | 1 | |
| Animal War Training | 1 | |
| Plating | 3 | |
| Swords | 3 | |
| Storm Hammers | 1 | |
| Gunpowder | 3 | |
| Fragmentation Shards | 1 | |
| Flare | 1 | |
| Flak Cannons | 1 | |
| Flying Machine Bombs | 1 | |
| Armor | 3 | |
| Barrage | 1 | |
| Long Rifles | 1 | |
| Backpack | 1 | |
| Cloud | 1 | |
34 total
» buildings
| Altar of Kings | 1 | |
| Barracks | 1 | |
| Farm | 12 | |
| Scout Tower | 18 | |
| Arcane Tower | 8 | |
| Keep | 1 | |
| Arcane Vault | 9 | |
| Blacksmith | 2 | |
| Lumber Mill | 2 | |
| Town Hall | 2 | |
| Guard Tower | 25 | |
| Castle | 1 | |
| Arcane Sanctum | 2 | |
| Gryphon Aviary | 3 | |
| Workshop | 3 | |
| Cannon Tower | 4 | |
94 total
» build order
00:07 Altar of Kings
00:20 Barracks
00:35 Farm
00:50 Farm
01:28 Scout Tower
01:40 Farm
02:02 Arcane Tower
02:02 Arcane Tower
02:33 Farm
03:53 Keep
04:04 Arcane Vault
05:02 Farm
05:03 Blacksmith
05:06 Lumber Mill
05:31 Farm
05:35 Farm
07:06 Farm
08:03 Town Hall
08:17 Guard Tower
08:18 Arcane Tower
09:48 Castle
10:20 Scout Tower
10:34 Arcane Sanctum
11:00 Scout Tower
11:35 Farm
11:45 Guard Tower
11:47 Scout Tower
12:32 Guard Tower
12:33 Scout Tower
12:39 Guard Tower
12:40 Scout Tower
12:58 Arcane Vault
12:59 Arcane Vault
13:36 Arcane Sanctum
14:33 Guard Tower
14:34 Guard Tower
14:49 Scout Tower
14:52 Town Hall
14:57 Guard Tower
15:20 Scout Tower
15:25 Guard Tower
15:28 Farm
17:41 Guard Tower
17:58 Guard Tower
18:31 Farm
19:36 Blacksmith
20:18 Scout Tower
20:20 Gryphon Aviary
20:21 Gryphon Aviary
20:57 Guard Tower
20:59 Gryphon Aviary
21:51 Arcane Vault
21:55 Guard Tower
21:59 Lumber Mill
22:05 Guard Tower
22:06 Guard Tower
22:34 Guard Tower
22:40 Scout Tower
22:40 Scout Tower
23:11 Guard Tower
23:12 Scout Tower
23:13 Scout Tower
24:16 Arcane Vault
24:25 Guard Tower
24:54 Arcane Vault
25:28 Guard Tower
25:40 Guard Tower
25:45 Guard Tower
26:24 Arcane Vault
26:28 Guard Tower
26:30 Guard Tower
26:57 Workshop
27:16 Workshop
27:31 Guard Tower
27:37 Arcane Vault
28:46 Workshop
29:20 Arcane Vault
29:56 Farm
30:00 Arcane Tower
30:41 Scout Tower
30:43 Arcane Tower
30:46 Arcane Tower
31:33 Arcane Tower
31:50 Scout Tower
32:11 Cannon Tower
34:41 Cannon Tower
35:10 Guard Tower
36:58 Cannon Tower
38:26 Cannon Tower
40:52 Arcane Tower
53:12 Guard Tower
57:40 Scout Tower
57:41 Scout Tower
57:43 Scout Tower
» items
| Boots of Speed | 2 | |
| Dust of Appearance | 1 | |
| Staff of Teleportation | 1 | |
| Ivory Tower | 56 | |
| Lesser Clarity Potion | 4 | |
| Potion of Healing | 4 | |
| Orb of Fire | 1 | |
| Staff of Sanctuary | 3 | |
| Orb of Corruption | 2 | |
| Scroll of Healing | 8 | |
| Scroll of Protection | 2 | |
| Potion of Lesser Invulnerability | 4 | |
| Scroll of Town Portal | 4 | |
| Tome of Retraining | 1 | |
| Scroll of Regeneration | 9 | |
| Potion of Mana | 1 | |
103 total

»
Seiwmeon (
orange | 65 APM | 4853 actions | 74:37)
3 Death Knight
2 Death Coil
1 Unholy Aura
2 Lich
1 Frost Nova
1 Dark Ritual
2 Dreadlord
1 Sleep
1 Vampiric Aura
» actions
| Assign group hotkey | 32 | |
| Basic commands | 600 | |
| Build / train | 164 | |
| ESC pressed | 4 | |
| Enter build submenu | 25 | |
| Enter hero's abilities submenu | 7 | |
| Give item / drop item | 3 | |
| Right click | 2009 | |
| Select / deselect | 670 | |
| Select group hotkey | 1077 | |
| Use ability | 262 | |
4853 total
» units
| Acolyte | 24 | |
| Ghoul | 4 | |
| Crypt Fiend | 5 | |
| Gargoyle | 4 | |
| Frost Wyrm | 3 | |
| Obsidian Statue | 5 | |
| Meatwagon | 1 | |
| Abomination | 8 | |
54 total
» upgrades
| Web | 1 | |
| Creature Attack | 3 | |
| Creature Carapace | 3 | |
| Freezing Breath | 1 | |
| Destroyer Form | 1 | |
| Unholy Armor | 3 | |
| Unholy Strength | 3 | |
| Disease Cloud | 1 | |
16 total
» buildings
| Crypt | 2 | |
| Graveyard | 1 | |
| Altar of Darkness | 1 | |
| Ziggurat | 15 | |
| Tomb of Relics | 2 | |
| Nerubian Tower | 5 | |
| Halls of the Dead | 2 | |
| Spirit Tower | 9 | |
| Black Citadel | 7 | |
| Sacrificial Pit | 2 | |
| Boneyard | 1 | |
| Necropolis | 1 | |
| Arcane Tower | 3 | |
| Slaughterhouse | 1 | |
52 total
» build order
00:08 Crypt
00:09 Graveyard
00:41 Altar of Darkness
00:59 Ziggurat
01:26 Ziggurat
01:40 Tomb of Relics
02:34 Nerubian Tower
03:59 Halls of the Dead
05:10 Ziggurat
05:11 Ziggurat
06:06 Spirit Tower
06:09 Ziggurat
06:40 Black Citadel
06:40 Black Citadel
06:40 Black Citadel
06:41 Black Citadel
07:05 Ziggurat
07:15 Spirit Tower
07:45 Ziggurat
08:55 Crypt
09:15 Sacrificial Pit
10:23 Spirit Tower
10:58 Spirit Tower
11:33 Boneyard
11:48 Spirit Tower
14:00 Ziggurat
14:56 Nerubian Tower
15:00 Necropolis
16:13 Arcane Tower
16:17 Arcane Tower
16:44 Halls of the Dead
18:06 Arcane Tower
19:55 Ziggurat
19:57 Ziggurat
20:00 Ziggurat
20:02 Ziggurat
20:04 Ziggurat
20:56 Spirit Tower
20:58 Spirit Tower
21:27 Nerubian Tower
21:29 Nerubian Tower
21:30 Spirit Tower
24:49 Ziggurat
24:53 Ziggurat
25:43 Spirit Tower
25:45 Nerubian Tower
26:13 Sacrificial Pit
26:21 Black Citadel
26:43 Tomb of Relics
34:51 Slaughterhouse
» items
| Rod of Necromancy | 1 | |
| Potion of Healing | 8 | |
| Ivory Tower | 18 | |
| Scroll of Town Portal | 4 | |
| Staff of Sanctuary | 3 | |
| Staff of Teleportation | 1 | |
| Boots of Speed | 2 | |
| Orb of Fire | 1 | |
| Scroll of Regeneration | 8 | |
| Lesser Clarity Potion | 4 | |
| Potion of Mana | 1 | |
| Orb of Corruption | 1 | |
| Potion of Lesser Invulnerability | 1 | |
| Scroll of Healing | 4 | |
| Scroll of Protection | 1 | |
58 total
Chat log
(06:12 / All) qva: 三英雄
(06:13 / All) kunt.roII:
(06:14 / All) qva: 衝等級
(06:17 / All) UGH.2ez:
(06:21 / All) kunt.roII: go--ok
(39:39 / All) UGH.2ez: you have resources, we have skill
(39:46 / All) UGH.2ez: its suprisingly not even close to even
(65:56 / All) kunt.roII: teal
(66:02 / All) kunt.roII: are you mad at orange for throwing the game for u guys\
(66:09 / All) UGH.2ez: mass shades
(66:13 / All) UGH.2ez: is a good strat
(72:18 / All) kunt.roII: 2ez
(74:31 / All) kunt.roII: 2ez
(74:31 / All) UGH.2ez: 2ez?
(74:35 / All) kunt.roII: